 Dungeon Crawl Stone Soup version 0.22-a0-228-g3692b99 (webtiles) character file.

59 b5mith the Skirmisher (level 3, 0/33 HPs)
             Began as a Minotaur Berserker on Feb 19, 2018.
             Was a Believer of Trog.
             Succumbed to a goblin's poison
             ... on level 2 of the Dungeon.
             The game lasted 00:03:36 (892 turns).

b5mith the Skirmisher (Minotaur Berserker)           Turns: 892, Time: 00:03:36

Health: 0/33       AC:  3    Str: 21 (22) XL:     3   Next: 78%
Magic:  2/2        EV: 12    Int:  2 (4)  God:    Trog [**....]
Gold:   39         SH:  0    Dex:  7 (9)  Spells: 2/2 levels left

rFire    . . .     SeeInvis .   a - +0 spear
rCold    . . .     Gourm    .   (no shield)
rNeg     . . .     Faith    .   b - +0 animal skin
rPois    .         Spirit   .   (helmet restricted)
rElec    .         Reflect  .   (no cloak)
rCorr    .         Harm     .   (no gloves)
MR       .....                  d - +0 pair of boots
Stlth    +.........             (no amulet)
HPRegen  0.11/turn              (no ring)
MPRegen  0.08/turn              (no ring)

@: lethally poisoned (0 -> -1)
A: retaliatory headbutt, horns 2
a: Berserk, Trog's Hand, Renounce Religion


You were on level 2 of the Dungeon.
You worshipped Trog.
Trog was pleased with you.
You were not hungry.

You visited 1 branch of the dungeon, and saw 2 of its levels.

You collected 39 gold pieces.

Inventory:

Hand Weapons
 a - a +0 spear (weapon)
Missiles
 g - 18 stones (quivered)
Armour
 b - a +0 animal skin (worn)
 d - a +0 pair of boots (worn)
Comestibles
 c - 2 rations


   Skills:
 + Level 4.2 Fighting
 + Level 4.2 Polearms
 + Level 3.2 Armour
 + Level 3.0 Dodging


You had 2 spell levels left.
You didn't know any spells.

Dungeon Overview and Level Annotations

Branches:
Dungeon (2/15)

Altars:
Vehumet


Innate Abilities, Weirdness & Mutations

You reflexively headbutt those who attack you in melee.
You have a pair of horns on your head.


Message History

The rat closely misses you. You furiously retaliate!
You headbutt the rat.
You kill the rat!
Trog accepts your kill.
* * * LOW HITPOINT WARNING * * *
You feel sick.
* * * LOW HITPOINT WARNING * * *
You feel sick.
* * * LOW HITPOINT WARNING * * *
You feel sick.
* * * LOW HITPOINT WARNING * * *
You feel sick.
Found a rapier.
* * * LOW HITPOINT WARNING * * *
You feel sick.
Found a radiant altar of Vehumet.
* * * LOW HITPOINT WARNING * * *
You feel sick.
Found a stone staircase leading down.
You see here a rapier.
You die...

.. #.###..)))†...#
#.###.###^#######.#
#..##...........#.##
######.##.####.####....#
#.......#.# #.......#.#
#...$...#.# ######..#.#
#.........# #.<#.#
#......##)### #..#.#
#........@..# ##.#.#
#.......#.#...... ..#.#
#.........####### ###.#
#....$....# #.#
#####.........#
#.............#
#....##≈#....>. #..###
≈##≈..## #.. #≈ #..


There were no monsters in sight!

Vanquished Creatures
  Robin (D:2)
  An ooze (D:1)
  A leopard gecko (D:1)
  3 giant cockroaches (D:1)
  5 goblins
  10 hobgoblins
  4 kobolds (D:1)
  3 bats (D:1)
  9 frilled lizards (D:1)
  5 rats
42 creatures vanquished.

Notes
Turn   | Place    | Note
-------+----------+-------------------------------------------
     0 | D:1      | b5mith the Minotaur Berserker began the quest for the Orb.
     0 | D:1      | Reached XP level 1. HP: 19/19 MP: 0/0
   187 | D:1      | Reached XP level 2. HP: 24/27 MP: 1/1
   308 | D:1      | Reached ** piety under Trog
   312 | D:1      | Reached XP level 3. HP: 27/33 MP: 2/2
   829 | D:2      | Noticed Robin
   856 | D:2      | Killed Robin
   884 | D:2      | HP: 1/33 [poisoned by a goblin]
   885 | D:2      | Found a radiant altar of Vehumet.
   892 | D:2      | Succumbed to a goblin's poison

Vault maps used:
D:1:      dpeg_chamrin_arrival_tetris, minmay_lizard_king
D:2:      lemuel_round_altar, nicolae_dithmenos_through_a_glass_darkly,
          elyvilon_altar_4, lemuel_crystal_altar, columned_hall_lemuel,
          minivault_4, uniq_robin

Skill      XL: |  1  2  3 |
---------------+----------+-----
Fighting       | 4 |  4.2
Polearms       | 4 |  4.2
Armour         | 3 |  3.2
Dodging        | 3 |  3.0

Action                   || total
-------------------------++-------
Melee: Spear             ||   101
       Headbutt          ||    13
  Use: Scroll            ||     4
       Potion            ||     2
 Stab: Sleeping          ||     1
Armor: Animal skin       ||    19
Dodge: Dodged            ||    48

Table legend:
 A = Spawn XP
 B = Non-spawn XP
 C = Spawn XP percentage of total XP
 D = Spawn monster count
 E = Non-spawn monster count
 F = Spawn count percentage of total count
 G = Total turns spent on level
                    A         B        C        D         E        F      G
               +---------+---------+-------+---------+---------+-------+---------
         Total |       0 |      85 |   0.0 |       0 |      42 |   0.0 |   892
               +---------+---------+-------+---------+---------+-------+---------
           D:1 |       0 |      52 |   0.0 |       0 |      32 |   0.0 |   810
           D:2 |       0 |      33 |   0.0 |       0 |      10 |   0.0 |    82
               +---------+---------+-------+---------+---------+-------+---------
